 Dungeon Crawl Stone Soup version 0.20.1-1-g8b1a95d (webtiles) character file.

12 SmokeFace the Insei (level 2, 0/21 HPs)
             Began as a Merfolk Transmuter on July 23, 2017.
             Slain by a leopard gecko (5 damage)
             ... on level 1 of the Dungeon.
             The game lasted 00:02:55 (830 turns).

SmokeFace the Insei (Merfolk Transmuter)             Turns: 830, Time: 00:02:55

Health: 0/21       AC:  2    Str: 10    XL:     2   Next: 33%
Magic:  5/5        EV: 13    Int: 12    God:
Gold:   0          SH:  0    Dex: 14    Spells: 4/5 levels left

rFire    . . .     SeeInvis .   e - +0 dagger
rCold    . . .     Gourm    .   (no shield)
rNeg     . . .     Faith    .   b - +0 robe
rPois    .         Spirit   .   (no helmet)
rElec    .         Reflect  .   (no cloak)
rCorr    .         Harm     .   (no gloves)
MR       .....                  (no boots)
Stlth    +.........             (no amulet)
Regen    0.1/turn               (no ring)
MPRegen  0.1/turn               (no ring)

@: appendage (expiring)
A: change form in water, swift swim, stealthy swim, horns 2
a: End Transformation


You were on level 1 of the Dungeon.
You were not hungry.
You had grown temporary horns.
You visited 1 branch of the dungeon, and saw 1 of its levels.


Innate Abilities, Weirdness & Mutations

You revert to your normal form in water.
You are very nimble and swift while swimming.
You are very stealthy in the water. (Stealth+)
You have a pair of horns on your head.


   Skills:
 - Level 1.1 Fighting
 - Level 2.6 Dodging
 + Level 3.5 Unarmed Combat
 + Level 2.3 Spellcasting
 * Level 3.1 Transmutations


You had 4 spell levels left.
You knew the following spells:

 Your Spells              Type           Power        Failure   Level  Hunger
z - Beastly Appendage     Tmut           #.....       8%          1    ##.....

Inventory:

Hand Weapons
 e - a +0 dagger (weapon)
Missiles
 a - 12 arrows
Armour
 b - a +0 robe (worn)
Scrolls
 f - a scroll of enchant armour {unknown}
 g - a scroll of random uselessness {unknown}
 h - a scroll of teleportation {unknown}
Potions
 i - a potion of flight {unknown}
Books
 c - a book of Changes

   Spells                             Type                      Level
   a - Beastly Appendage              Transmutation                1
   b - Sticks to Snakes               Transmutation                2
   c - Spider Form                    Transmutation/Poison         3
   d - Ice Form                       Ice/Transmutation            4
   e - Blade Hands                    Transmutation                5
Comestibles
 d - a bread ration

Dungeon Overview and Level Annotations

Branches:
Dungeon (1/15)

Altars:

▒.▒▒▒▒▒.▒........▒
▒.▒▒▒▒▒..▒...▒▒..▒
▒....▒▒.▒........▒
▒..▒.▒▒.▒..▒▒......
▒.>▒.▒▒..........▒.
▒.............▒▒.▒
▒▒.▒▒▒▒▒...........
▒.▒ ▒▒....... ▒.
▒m▒ ▒....(.. ▒l▒
▒.▒ ▒.......▒
▒.▒▒.▒▒.▒ ▒ ▒.▒ ▒
▒.▒ ▒.▒ ▒.▒


You could see a leopard gecko.


Message History

You hit the kobold.
The kobold is moderately wounded.
Your transformation is almost over.
The kobold hits you with a short sword.
You barely miss the kobold.
The kobold is moderately wounded.
The kobold hits you with a short sword!
* * * LOW HITPOINT WARNING * * *
You are too injured to fight recklessly!
You are too injured to fight recklessly!
You completely miss the kobold.
The kobold is moderately wounded.
The kobold hits you with a short sword.
* * * LOW HITPOINT WARNING * * *
You hit the kobold but do no damage. You headbutt the kobold.
You kill the kobold!
The leopard gecko closely misses you.
You hit the leopard gecko.
The leopard gecko is almost dead.
The leopard gecko barely misses you.
You miss the leopard gecko.
The leopard gecko is almost dead.
The leopard gecko closely misses you.
You hit the leopard gecko but do no damage.
The leopard gecko is almost dead.
The leopard gecko closely misses you.
You miss the leopard gecko.
The leopard gecko is almost dead.
The leopard gecko bites you.
You die...

Action                   || total
-------------------------++-------
Melee: Unarmed           ||    19
       Dagger            ||    40
       Headbutt          ||     3
 Cast: Beastly Appendage ||     7
 Stab: Sleeping          ||     1
Armor: Robe              ||     4
Dodge: Dodged            ||    36

Vault maps used:
D:1:      shiori_shiawase, kennysheep_nondescript, dk_noncrumbling_3,
          minmay_tromino_i2

Notes
Turn   | Place    | Note
-------+----------+-------------------------------------------
     0 | D:1      | SmokeFace the Merfolk Transmuter began the quest for the Orb.
     0 | D:1      | Reached XP level 1. HP: 15/15 MP: 3/3
    91 | D:1      | Reached skill level 3 in Transmutations
   116 | D:1      | HP: 1/15 [leopard gecko (1)]
   467 | D:1      | Reached XP level 2. HP: 21/21 MP: 5/5
   830 | D:1      | Slain by a leopard gecko

Vanquished Creatures
  A leopard gecko (D:1)
  4 hobgoblins (D:1)
  A kobold (D:1)
  3 goblins (D:1)
  A rat (D:1)
10 creatures vanquished.
